Map: King's Cove LE

Players

Iscariot

  • Race: Protoss Protoss
  • League: Diamond
  • Spawn Location: 5:00

wootwoot - Winner!

  • Race: Protoss Protoss
  • League: Diamond
  • Spawn Location: 11:00

VOD

Have the link to the VOD?

Description

Time

  • Played on: April 22, 2025, 8:38 a.m.
  • Length: 3:47
Show
View Real Time Build Order
Export as new Build Order

Iscariot Protoss 

Build Orders:  

Get SALT Encoding   

  12  0:00  Probe  
  13  0:12  Probe  
  14  0:18  Pylon  
  14  0:24  Probe  
  15  0:32  Probe  
  15  0:40  Gateway, Probe  
  17  0:51  Probe  
  17  0:53  Assimilator  
  19  1:08  Gateway  
  19  1:10  Assimilator  
  18  1:16  Probe  
  19  1:28  Cybernetics Core  
  19  1:31  Pylon  
  19  1:33  Probe  
  20  1:45  Probe  
  23  2:00  Probe  
  22  2:01  Adept x2  
  22  2:04  Assimilator  
  22  2:05  Pylon  
  22  2:15  Probe  
  27  2:27  Stalker  
  27  2:30  Probe  
  30  2:47  Stalker  
  28  3:02  Stalker  
  26  3:19  Shield Battery  
  26  3:30  Pylon  
Show
View Real Time Build Order
Export as new Build Order

wootwoot Protoss - Winner!

Build Orders:  

Get SALT Encoding   

  12  0:00  Probe  
  13  0:12  Probe  
  14  0:20  Pylon  
  14  0:24  Probe  
  15  0:38  Gateway  
  15  0:41  Assimilator  
  15  0:49  Pylon  
  15  1:09  Gateway  
  15  1:14  Gateway  
  15  1:29  Cybernetics Core  
  15  1:34  Probe  
  16  1:46  Probe  
  17  1:53  Stalker x2  
  21  2:19  Stalker x2  
  25  2:32  Zealot  
  27  2:51  Stalker  
  27  2:53  Stalker  
  29  3:08  Probe  
  30  3:20  Probe  
Tags
 
Matchup
PvP
Replay Pack
#1B2M-Replays
Spawn Locations
Cross Positions
Add a new tag
Caveats
  • Supply blocks, unpowered buildings, or Contaminate may cause inaccurate times.
  • Supply counts are checked every 10 seconds.